 Dungeon Sprint DCSS version 0.30-a0-860-g512cf1e979 (webtiles) character file.

Game seed: 1311555730464144991

490 BigDaddyOpFi the Cleaver (level 7, -11/69 HPs)
             Began as a Hill Orc Fighter on Mar 7, 2023.
             Was a Follower of Okawaru.
             Mangled by a phantasmal warrior (26 damage)
             ... in the Dungeon (Sprint VII: "The Pits").
             The game lasted 00:01:14 (775 turns).

BigDaddyOpFi the Cleaver (Hill Orc Fighter)          Turns: 775, Time: 00:01:15

Health: -11/69     AC: 15    Str: 21    XL:     7   Next: 14%
Magic:  13/13      EV:  6    Int:  8    God:    Okawaru [*.....]
Gold:   0          SH:  5    Dex: 10    Spells: 6/6 levels left

rFire   . . .      SeeInvis .    a - +0 war axe
rCold   . . .      Faith    .    c - +0 buckler
rNeg    . . .      Spirit   .    l - +2 plate armour
rPois   .          Reflect  .    (no helmet)
rElec   .          Rampage  .    (no cloak)
rCorr   .          NoTele   +    (no gloves)
Will    .....                    (no boots) Stlth
                                 (no amulet)
HPRegen 0.31/turn                (no ring)
MPRegen 0.13/turn                (no ring)

@: weak-willed
A: no striking features
a: Renounce Religion, Heroism


You were in the Dungeon.
You worshipped Okawaru.
Okawaru was aware of your devotion.
You visited 1 branch

Inventory:

Hand Weapons
 a - a +0 war axe (weapon)
Armour
 c - a +0 buckler (worn)
 l - a +2 plate armour (worn)
Scrolls
 j - a scroll of blinking
Potions
 e - 6 potions of curing
 f - 3 potions of heal wounds
 g - a potion of haste
 h - 4 potions of magic
 i - 3 potions of berserk rage
 k - 2 potions of invisibility


   Skills:
 + Level 8.7 Fighting
 + Level 9.1 Axes
 + Level 8.0 Armour
 + Level 8.0 Shields
 + Level 8.5 Invocations


You had 6 spell levels left.
You didn't know any spells.
Your spell library was empty.

Dungeon Overview and Level Annotations

Branches:
Dungeon (1/1)

Altars:
Ashenzari
Cheibriados
Dithmenos
Elyvilon
Fedhas
Gozag
Hepliaklqana
Kikubaaqudgha
Makhleb
Nemelex Xobeh
Okawaru
Qazlal
Ru
Sif Muna
Trog
Uskayaw
Vehumet
Wu Jian
Xom
Yredelemnul
Zin
The Shining One
Beogh
Jiyva
Lugonu


Message History

* * * LOW HITPOINT WARNING * * *
You slash the mummy!
You destroy the mummy!
Okawaru accepts your kill.
Your Armour skill increases to level 8!
Your Shields skill increases to level 8!
You slash the ball python zombie!
You destroy the ball python zombie!
Okawaru accepts your kill.
You feel much better.
You open the door.
A quokka comes into view.
You closely miss the quokka. You block the quokka's attack.
You slice the quokka!!
You kill the quokka!
Okawaru accepts your kill.
There is an open door here.
You feel a little less mighty now.
You open the door.
A phantasmal warrior comes into view.
You hit the phantasmal warrior.
The phantasmal warrior is lightly damaged.
You block the phantasmal warrior's attack.
You barely miss the phantasmal warrior.
The phantasmal warrior is lightly damaged.
The phantasmal warrior hits you!
You slash the phantasmal warrior!
The phantasmal warrior is moderately damaged.
The phantasmal warrior hits you but does no damage.
You slash the phantasmal warrior!
The phantasmal warrior is heavily damaged.
The phantasmal warrior hits you.
Your willpower is stripped away!
You barely miss the phantasmal warrior.
The phantasmal warrior is heavily damaged.
The phantasmal warrior hits you!
* * * LOW HITPOINT WARNING * * *
You hit the phantasmal warrior but do no damage.
The phantasmal warrior is heavily damaged.
The phantasmal warrior hits you!!
You die...

#.#........##.......#
#'###########.......#
#..)....# #########
#..#.#..# #.##.##.#
#.......#+#
#.##.##.#.+
#..#.#..#W#
#.......'@#
###########


You could see a phantasmal warrior.

Vanquished Creatures
  A flying skull (D)
  A floating eye (D)
  An ice beast (D)
  A kobold brigand (D)
  An iguana (D)
  A mummy (D)
  A river rat (D)
  An adder skeleton (D)
  A bat zombie (D)
  An endoplasm (D)
  A giant cockroach (D)
  A goblin (D)
  2 quokkas (D)
  A ball python skeleton (D)
  A ball python zombie (D)
16 creatures vanquished.

Notes
Turn   | Place    | Note
-------+----------+-------------------------------------------
     0 | D        | BigDaddyOpFi the Hill Orc Fighter began the quest for the
                  | Orb.
     0 | D        | Reached XP level 1. HP: 19/19 MP: 1/1
     8 | D        | Noticed a floating eye
     9 | D        | Paralysed by a floating eye for 4 turns
    15 | D        | Paralysed by a floating eye for 4 turns
    21 | D        | Killed a floating eye
    22 | D        | Reached skill level 5 in Fighting
    22 | D        | Reached skill level 5 in Axes
    22 | D        | Reached skill level 5 in Armour
    22 | D        | Reached skill level 5 in Shields
    22 | D        | Reached XP level 2. HP: 30/30 MP: 1/5
    22 | D        | Reached XP level 3. HP: 37/37 MP: 1/6
    22 | D        | Reached XP level 4. HP: 44/44 MP: 1/7
    26 | D        | Found a bloodstained altar of Trog.
    26 | D        | Found a shimmering blue altar of Sif Muna.
    26 | D        | Found a viscous altar of Jiyva.
    26 | D        | Found a hazy altar of Hepliaklqana.
    26 | D        | Found an opulent altar of Gozag.
    27 | D        | Found a glowing golden altar of the Shining One.
    27 | D        | Found a glowing silver altar of Zin.
    27 | D        | Found a basalt altar of Yredelemnul.
    27 | D        | Found a shimmering altar of Xom.
    27 | D        | Found an ornate altar of the Wu Jian Council.
    27 | D        | Found a sacrificial altar of Ru.
    27 | D        | Found a stormy altar of Qazlal.
    27 | D        | Found an iron altar of Okawaru.
    27 | D        | Found a sparkling altar of Nemelex Xobeh.
    27 | D        | Found a burning altar of Makhleb.
    27 | D        | Found a blossoming altar of Fedhas.
    27 | D        | Found a white marble altar of Elyvilon.
    27 | D        | Found a shadowy altar of Dithmenos.
    27 | D        | Found a snail-covered altar of Cheibriados.
    28 | D        | Found a radiant altar of Vehumet.
    28 | D        | Found a corrupted altar of Lugonu.
    28 | D        | Found a roughly hewn altar of Beogh.
    29 | D        | Found an ancient bone altar of Kikubaaqudgha.
    29 | D        | Found a hide-covered altar of Uskayaw.
    29 | D        | Found a broken altar of Ashenzari.
    33 | D        | Became a worshipper of Warmaster Okawaru
    96 | D        | Reached skill level 5 in Invocations
   268 | D        | Reached skill level 6 in Axes
   386 | D        | Noticed an ice beast
   390 | D        | Reached XP level 5. HP: 48/50 MP: 8/8
   411 | D        | Killed an ice beast
   412 | D        | Reached skill level 7 in Axes
   714 | D        | Noticed a flying skull
   730 | D        | Killed a flying skull
   730 | D        | Reached * piety under Okawaru
   731 | D        | Reached skill level 8 in Axes
   731 | D        | Reached XP level 6. HP: 36/62 MP: 9/12
   747 | D        | Reached skill level 9 in Axes
   747 | D        | Reached XP level 7. HP: 24/69 MP: 11/13
   769 | D        | Noticed a phantasmal warrior
   775 | D        | Mangled by a phantasmal warrior

Illustrated notes

Levels and vault maps discovered:
D:        pitsprint [storerooms_1, entrance_room_1, metal_vault_1, armoury_2,
          mini_pit_1, grid_room_1, main_hall_1, silver_pit, the_coven_3,
          the_vestibule_1, steel_vault_2, golden_pit, hallway_of_sentries,
          crystal_vault_6, iron_vault_2, final_vault]

Skill      XL: |  1  2  3  4  5  6  7 |
---------------+----------------------+-----
Fighting       | 5 6 8 |  8.7
Axes           | 5 6 8 9 |  9.1
Armour         | 5 7 8 |  8.0
Shields        | 5 7 8 |  8.0
Invocations    | 4 5 8 |  8.5

Action                     |  1- 3 |  4- 6 |  7- 9 || total
---------------------------+-------+-------+-------++-------
  Melee: War axe           |     6 |    72 |    13 ||    91
    Use: Potion            |       |     3 |     1 ||     4
 Armour: Scale mail        |       |    14 |       ||    14
         Plate armour      |       |    14 |     1 ||    15
  Dodge: Dodged            |       |    25 |       ||    25
  Block: Buckler           |       |    15 |     2 ||    17

Table legend: (Time is in decaauts)
 A = Elapsed time spent in this place.
 B = Non-inter-level travel time spent in this place.
 C = Inter-level travel time spent in this place.
 D = Time resting spent in this place.
 E = Time spent auto-exploring this place.
 F = Levels seen in this place.
 G = Mean time per level.
                   A        B        C        D        E       F      G
               +--------+--------+--------+--------+--------+-----+--------+
         Total |    792 |    771 |     21 |    538 |      0 |   1 |  792.0 |
       Dungeon |    792 |    771 |     21 |    538 |      0 |   1 |  792.0 |
               +--------+--------+--------+--------+--------+-----+--------+

Top non-repeatable levels by time:
       D: 792 daAuts
